Map: Chantier naval orbital

Players

XiaoWangZi - Winner!

  • Race: Terran Terran
  • League: Master

Mind

  • Race: Terran Terran
  • League: Master

VOD

Have the link to the VOD?

Description

Time

  • Played on: March 12, 2016, 12:11 p.m.
  • Length: 4:23
Show
View Real Time Build Order
Export as new Build Order

XiaoWangZi Terran - Winner!

Build Orders:  

Get SALT Encoding   

  12  0:01  SCV  
  13  0:13  SCV  
  14  0:18  Supply Depot  
  14  0:25  SCV  
  15  0:36  Refinery  
  15  0:40  SCV  
  16  0:50  Barracks  
  16  0:55  SCV  
  17  1:10  Barracks  
  17  1:23  Barracks  
  17  1:27  SCV  
  18  1:37  Reaper  
  19  1:46  Orbital Command  
  19  1:54  Refinery  
  19  2:00  Reaper  
  20  2:06  Supply Depot  
  20  2:09  Reaper  
  20  2:16  Reaper  
  20  2:21  SCV  
  22  2:32  Reaper  
  22  2:34  SCV  
  24  2:43  Reaper  
  24  2:50  Reaper  
  25  2:52  SCV  
  26  3:04  Reaper  
  26  3:11  SCV  
  27  3:15  Reaper  
  27  3:19  Command Center  
  28  3:22  Reaper  
  29  3:36  Reaper  
  30  3:43  Supply Depot  
  30  3:47  Reaper  
  30  3:50  SCV  
Show
View Real Time Build Order
Export as new Build Order

Mind Terran 

Build Orders:  

Get SALT Encoding   

  12  0:02  SCV  
  13  0:14  SCV  
  14  0:18  Supply Depot  
  14  0:26  SCV  
  15  0:40  SCV  
  15  0:42  Barracks  
  16  0:52  SCV  
  17  1:04  SCV  
  18  1:16  SCV  
  19  1:29  Marine  
  19  1:30  Orbital Command  
  20  1:36  Command Center  
  20  1:48  Supply Depot  
  20  1:49  Marine  
  21  1:55  Barracks  
  21  1:56  SCV  
  22  2:07  Marine  
  23  2:10  SCV  
  23  2:12  Barracks  
  23  2:22  SCV  
  24  2:26  Refinery  
  24  2:27  Refinery  
  24  2:30  Marine  
  24  2:34  SCV  
  25  2:46  SCV  
  25  2:47  Marine  
  26  2:56  Marine  
  28  3:01  Orbital Command  
  28  3:05  Marine  
  27  3:09  Barracks Tech Lab  
  27  3:10  SCV  
  27  3:14  Marine  
  27  3:16  Bunker  
  28  3:22  SCV  
  28  3:23  Marine  
  29  3:29  Marine  
  29  3:32  Marine  
  29  3:33  Bunker  
  28  3:35  SCV  
  28  3:40  SCV  
  29  3:48  Marine x2  
  30  3:52  Marine  
  30  3:54  SCV x2  
Tags
 
Add a new tag
Caveats
  • Supply blocks, unpowered buildings, or Contaminate may cause inaccurate times.
  • Supply counts are checked every 10 seconds.